General information
- name: BNet
- type: Ladder team game (AT/RT)
- host: Battle.net
- saver: SCHADENFRAUDE
map: Slalom
- players: 8
- length: 31:13
- speed: Fast
- version: 1.24 W3XP
- replay type: Public
» download(139 KB)
Players
team 1 (winner)

»
G777 (
purple | 43 APM | 786 actions | 18:04)
4 Keeper of the Grove
2 Force of Nature
2 Entangling Roots
3 Priestess of the Moon
2 Scout
1 Trueshot Aura
1 Archmage
1 Summon Water Elemental
» actions
| Assign group hotkey | 14 | |
| Build / train | 89 | |
| ESC pressed | 1 | |
| Enter build submenu | 22 | |
| Enter hero's abilities submenu | 8 | |
| Give item / drop item | 1 | |
| Right click | 345 | |
| Select / deselect | 208 | |
| Select group hotkey | 51 | |
| Use ability | 47 | |
786 total
» units
| Wisp | 26 | |
| Archer | 5 | |
| Chimaera | 8 | |
| Hippogryph | 17 | |
| Siege Engine | 12 | |
68 total
» upgrades
| Strength of the Wild | 2 | |
| Reinforced Hides | 1 | |
| Corrosive Breath | 1 | |
| Barrage | 1 | |
| Gunpowder | 1 | |
| Plating | 1 | |
7 total
» buildings
| Altar of Elders | 1 | |
| Moon Well | 8 | |
| Ancient of War | 1 | |
| Hunter's Hall | 1 | |
| Tree of Ages | 1 | |
| Ancient Protector | 1 | |
| Tree of Life | 1 | |
| Tree of Eternity | 1 | |
| Ancient of Wind | 1 | |
| Chimaera Roost | 3 | |
| Ancient of Wonders | 1 | |
| Guard Tower | 1 | |
| Farm | 4 | |
| Workshop | 1 | |
26 total
» build order
00:08 Altar of Elders
00:12 Moon Well
00:37 Moon Well
01:29 Ancient of War
02:15 Hunter's Hall
03:08 Tree of Ages
03:23 Moon Well
03:51 Ancient Protector
05:52 Tree of Life
05:58 Tree of Eternity
06:27 Moon Well
06:38 Ancient of Wind
08:16 Moon Well
08:25 Chimaera Roost
08:28 Chimaera Roost
08:37 Chimaera Roost
08:45 Moon Well
08:50 Moon Well
08:54 Ancient of Wonders
12:24 Guard Tower
14:42 Moon Well
15:44 Farm
15:46 Farm
15:47 Farm
15:48 Farm
15:53 Workshop
» items
| Potion of Lesser Invulnerability | 1 | |
1 total
SCHADENFRAUDE (
pink | 34 APM | 1058 actions | 31:13)
1 Mountain King
1 Storm Bolt
» actions
| Assign group hotkey | 17 | |
| Build / train | 167 | |
| Enter build submenu | 91 | |
| Enter hero's abilities submenu | 1 | |
| Remove unit from queue | 1 | |
| Right click | 270 | |
| Select / deselect | 391 | |
| Select group hotkey | 2 | |
| Use ability | 118 | |
1058 total
» units
» upgrades
| Masonry | 2 | |
| Gunpowder | 1 | |
| Armor | 1 | |
| Lumber Harvesting | 1 | |
| Magic Sentry | 1 | |
6 total
» buildings
| Altar of Kings | 1 | |
| Farm | 4 | |
| Scout Tower | 101 | |
| Lumber Mill | 1 | |
| Arcane Tower | 7 | |
| Barracks | 2 | |
| Guard Tower | 138 | |
| Keep | 1 | |
| Blacksmith | 1 | |
| Gryphon Aviary | 1 | |
| Arcane Sanctum | 1 | |
| Cannon Tower | 1 | |
259 total
» build order
00:07 Altar of Kings
00:10 Farm
00:31 Scout Tower
00:46 Lumber Mill
00:58 Arcane Tower
01:36 Barracks
01:41 Barracks
01:57 Scout Tower
02:02 Scout Tower
02:10 Scout Tower
02:35 Guard Tower
02:55 Farm
03:06 Farm
03:19 Scout Tower
03:21 Scout Tower
03:54 Arcane Tower
03:55 Guard Tower
03:58 Arcane Tower
04:16 Guard Tower
04:52 Keep
05:06 Blacksmith
05:50 Scout Tower
05:53 Scout Tower
05:54 Scout Tower
05:59 Scout Tower
06:03 Scout Tower
06:05 Scout Tower
06:18 Guard Tower
06:41 Guard Tower
06:42 Guard Tower
07:14 Scout Tower
07:18 Scout Tower
07:19 Scout Tower
07:21 Scout Tower
07:23 Guard Tower
07:44 Gryphon Aviary
07:49 Guard Tower
07:50 Guard Tower
07:50 Guard Tower
08:13 Guard Tower
08:26 Arcane Tower
08:26 Arcane Tower
08:26 Arcane Tower
08:45 Scout Tower
08:48 Scout Tower
08:51 Scout Tower
09:16 Guard Tower
09:17 Guard Tower
09:34 Scout Tower
09:36 Scout Tower
09:47 Scout Tower
09:56 Guard Tower
10:00 Guard Tower
10:07 Scout Tower
10:20 Farm
10:27 Guard Tower
10:34 Scout Tower
10:52 Guard Tower
10:53 Guard Tower
11:05 Scout Tower
11:11 Guard Tower
11:18 Guard Tower
11:23 Guard Tower
11:23 Guard Tower
11:34 Scout Tower
11:41 Scout Tower
11:43 Scout Tower
11:46 Scout Tower
11:47 Scout Tower
11:52 Scout Tower
11:56 Scout Tower
11:57 Scout Tower
11:59 Scout Tower
12:02 Scout Tower
12:06 Scout Tower
12:16 Guard Tower
12:16 Guard Tower
12:16 Guard Tower
12:19 Guard Tower
12:32 Guard Tower
12:39 Guard Tower
12:50 Guard Tower
12:54 Guard Tower
13:08 Guard Tower
13:24 Scout Tower
13:28 Scout Tower
13:30 Scout Tower
13:32 Scout Tower
13:33 Scout Tower
13:36 Scout Tower
13:42 Guard Tower
13:49 Guard Tower
14:21 Arcane Sanctum
14:32 Scout Tower
14:35 Scout Tower
14:38 Scout Tower
14:46 Scout Tower
14:50 Scout Tower
14:51 Scout Tower
14:59 Guard Tower
15:17 Guard Tower
15:24 Guard Tower
15:55 Guard Tower
15:55 Guard Tower
16:02 Guard Tower
16:17 Guard Tower
16:17 Guard Tower
16:29 Guard Tower
16:44 Guard Tower
16:54 Guard Tower
17:07 Guard Tower
17:12 Guard Tower
17:21 Scout Tower
17:26 Scout Tower
17:28 Scout Tower
17:29 Scout Tower
17:30 Scout Tower
17:34 Scout Tower
17:36 Scout Tower
17:38 Scout Tower
17:40 Scout Tower
17:56 Guard Tower
17:56 Guard Tower
17:56 Guard Tower
18:09 Guard Tower
18:15 Guard Tower
18:25 Guard Tower
18:35 Guard Tower
18:51 Scout Tower
18:56 Scout Tower
19:04 Scout Tower
19:14 Scout Tower
19:15 Scout Tower
19:17 Guard Tower
19:21 Guard Tower
19:27 Guard Tower
19:27 Guard Tower
19:28 Guard Tower
19:29 Cannon Tower
19:32 Scout Tower
19:35 Guard Tower
19:40 Scout Tower
19:58 Guard Tower
20:12 Guard Tower
20:26 Guard Tower
20:26 Guard Tower
20:27 Guard Tower
20:32 Guard Tower
20:32 Guard Tower
20:42 Guard Tower
20:49 Scout Tower
20:51 Scout Tower
21:11 Guard Tower
21:26 Guard Tower
21:27 Guard Tower
21:27 Guard Tower
21:36 Guard Tower
21:36 Guard Tower
21:41 Guard Tower
21:41 Guard Tower
22:28 Scout Tower
22:30 Scout Tower
22:38 Scout Tower
22:42 Scout Tower
22:44 Scout Tower
22:49 Scout Tower
22:57 Guard Tower
22:58 Guard Tower
23:02 Scout Tower
23:03 Scout Tower
23:09 Guard Tower
23:15 Scout Tower
23:17 Scout Tower
23:20 Guard Tower
23:33 Guard Tower
23:33 Guard Tower
23:34 Guard Tower
23:41 Scout Tower
23:43 Scout Tower
23:57 Scout Tower
24:02 Scout Tower
24:05 Guard Tower
24:08 Scout Tower
24:14 Scout Tower
24:17 Guard Tower
24:27 Guard Tower
24:30 Guard Tower
24:33 Scout Tower
24:39 Guard Tower
24:40 Guard Tower
24:43 Guard Tower
24:44 Guard Tower
25:05 Guard Tower
25:07 Guard Tower
25:14 Scout Tower
25:20 Scout Tower
25:40 Guard Tower
25:41 Guard Tower
25:45 Scout Tower
25:47 Scout Tower
25:52 Scout Tower
26:03 Scout Tower
26:12 Guard Tower
26:31 Guard Tower
26:40 Guard Tower
26:46 Scout Tower
27:22 Scout Tower
27:26 Scout Tower
27:30 Scout Tower
27:52 Guard Tower
28:16 Guard Tower
28:16 Guard Tower
28:22 Scout Tower
28:25 Scout Tower
28:35 Scout Tower
28:39 Scout Tower
28:48 Guard Tower
28:48 Guard Tower
28:53 Guard Tower
28:53 Guard Tower
28:53 Guard Tower
29:03 Guard Tower
29:03 Guard Tower
29:03 Guard Tower
30:10 Scout Tower
30:14 Scout Tower
30:18 Scout Tower
30:22 Scout Tower
30:41 Guard Tower
30:41 Guard Tower
30:48 Guard Tower
30:48 Guard Tower
Ector (
red | 13 APM | 141 actions | 11:07)
2 Archmage
1 Summon Water Elemental
1 Blizzard
» actions
| Basic commands | 1 | |
| Build / train | 30 | |
| Enter build submenu | 15 | |
| Enter hero's abilities submenu | 2 | |
| Right click | 32 | |
| Select / deselect | 43 | |
| Use ability | 18 | |
141 total
» units
| Peasant | 11 | |
| Footman | 3 | |
| Rifleman | 2 | |
| Knight | 9 | |
25 total
» buildings
| Altar of Kings | 1 | |
| Lumber Mill | 1 | |
| Farm | 6 | |
| Barracks | 1 | |
| Keep | 1 | |
| Blacksmith | 1 | |
| Scout Tower | 2 | |
| Castle | 1 | |
| Workshop | 1 | |
| Town Hall | 1 | |
16 total
» build order
00:22 Altar of Kings
01:10 Lumber Mill
01:32 Farm
01:49 Barracks
02:24 Farm
03:00 Farm
03:16 Keep
03:30 Blacksmith
04:30 Scout Tower
05:00 Farm
05:17 Scout Tower
05:56 Farm
06:04 Castle
06:40 Workshop
09:50 Town Hall
10:11 Farm
Charro (
orange | 25 APM | 449 actions | 18:00)
3 Dreadlord
2 Sleep
1 Vampiric Aura
3 Lich
2 Frost Nova
1 Frost Armor
» actions
| Build / train | 43 | |
| Enter build submenu | 16 | |
| Enter hero's abilities submenu | 6 | |
| Give item / drop item | 1 | |
| Right click | 256 | |
| Select / deselect | 98 | |
| Use ability | 29 | |
449 total
» units
| Acolyte | 7 | |
| Ghoul | 6 | |
| Crypt Fiend | 8 | |
| Frost Wyrm | 5 | |
26 total
» upgrades
| Web | 1 | |
| Burrow | 1 | |
| Freezing Breath | 1 | |
| Creature Carapace | 2 | |
| Creature Attack | 2 | |
7 total
» buildings
| Ziggurat | 9 | |
| Altar of Darkness | 1 | |
| Crypt | 1 | |
| Graveyard | 1 | |
| Halls of the Dead | 1 | |
| Sacrificial Pit | 1 | |
| Black Citadel | 1 | |
| Boneyard | 2 | |
17 total
» build order
00:13 Ziggurat
00:17 Altar of Darkness
00:40 Crypt
01:08 Graveyard
01:36 Ziggurat
01:41 Ziggurat
02:22 Ziggurat
03:21 Halls of the Dead
05:15 Ziggurat
05:55 Sacrificial Pit
06:21 Black Citadel
07:01 Ziggurat
08:50 Boneyard
09:05 Boneyard
09:18 Ziggurat
09:22 Ziggurat
09:27 Ziggurat
team 2 (loser)
rakdose (
blue | 18 APM | 549 actions | 31:13)
7 Blademaster
3 Critical Strike
3 Wind Walk
1 Bladestorm
» actions
| Basic commands | 23 | |
| Build / train | 67 | |
| Enter build submenu | 13 | |
| Enter hero's abilities submenu | 7 | |
| Give item / drop item | 1 | |
| Right click | 214 | |
| Select / deselect | 171 | |
| Use ability | 53 | |
549 total
» units
| Peon | 19 | |
| Raider | 16 | |
| Demolisher | 6 | |
41 total
» upgrades
| Melee Weapons | 3 | |
| Armor | 3 | |
| Ensnare | 1 | |
| Pillage | 1 | |
| Reinforced Defenses | 1 | |
| Ranged Weapons | 3 | |
| Burning Oil | 1 | |
13 total
» buildings
| Orc Burrow | 9 | |
| Altar of Storms | 1 | |
| Voodoo Lounge | 1 | |
| Stronghold | 1 | |
| War Mill | 1 | |
| Beastiary | 2 | |
| Fortress | 1 | |
| Watch Tower | 9 | |
| Barracks | 2 | |
27 total
» build order
00:26 Orc Burrow
00:48 Altar of Storms
01:22 Orc Burrow
01:48 Voodoo Lounge
02:15 Orc Burrow
02:54 Stronghold
03:27 Orc Burrow
03:41 War Mill
04:19 Orc Burrow
05:39 Beastiary
05:40 Beastiary
05:45 Fortress
08:00 Orc Burrow
08:01 Orc Burrow
08:08 Orc Burrow
08:09 Orc Burrow
17:02 Watch Tower
17:03 Watch Tower
17:05 Watch Tower
17:06 Watch Tower
17:07 Watch Tower
17:09 Watch Tower
17:10 Watch Tower
17:11 Watch Tower
17:12 Watch Tower
25:47 Barracks
26:37 Barracks
» items
| Healing Salve | 1 | |
| Orb of Lightning | 1 | |
| Tiny Great Hall | 1 | |
3 total
GM-Flash (
green | 42 APM | 1303 actions | 31:13)
5 Archmage
3 Summon Water Elemental
2 Brilliance Aura
4 Paladin
2 Holy Light
1 Divine Shield
1 Devotion Aura
» actions
| Assign group hotkey | 21 | |
| Basic commands | 29 | |
| Build / train | 101 | |
| Enter build submenu | 20 | |
| Enter hero's abilities submenu | 9 | |
| Remove unit from queue | 1 | |
| Right click | 350 | |
| Select / deselect | 394 | |
| Select group hotkey | 311 | |
| Use ability | 67 | |
1303 total
» units
| Peasant | 19 | |
| Rifleman | 6 | |
| Flying Machine | 12 | |
| Siege Engine | 10 | |
47 total
» upgrades
| Gunpowder | 3 | |
| Armor | 3 | |
| Plating | 3 | |
| Lumber Harvesting | 2 | |
| Long Rifles | 1 | |
| Flak Cannons | 1 | |
| Barrage | 1 | |
| Flying Machine Bombs | 1 | |
| Masonry | 3 | |
| Flare | 1 | |
| Fragmentation Shards | 1 | |
| Swords | 3 | |
| Backpack | 1 | |
| Defend | 1 | |
| Animal War Training | 1 | |
| Cloud | 1 | |
| Storm Hammers | 1 | |
| Sorceress Training | 2 | |
| Priest Training | 2 | |
| Magic Sentry | 1 | |
| Control Magic | 1 | |
34 total
» buildings
| Altar of Kings | 1 | |
| Farm | 13 | |
| Barracks | 1 | |
| Lumber Mill | 3 | |
| Blacksmith | 1 | |
| Keep | 1 | |
| Workshop | 2 | |
| Town Hall | 3 | |
| Castle | 1 | |
| Arcane Vault | 1 | |
| Gryphon Aviary | 1 | |
| Arcane Sanctum | 2 | |
30 total
» build order
00:06 Altar of Kings
00:10 Farm
00:52 Barracks
00:58 Farm
02:02 Lumber Mill
02:07 Blacksmith
03:07 Keep
03:31 Farm
03:32 Farm
03:33 Farm
03:34 Farm
06:17 Workshop
07:28 Town Hall
08:44 Castle
09:01 Workshop
09:20 Farm
09:21 Farm
09:22 Farm
09:27 Farm
15:04 Lumber Mill
19:52 Farm
19:52 Farm
19:53 Farm
20:05 Arcane Vault
20:09 Gryphon Aviary
20:14 Arcane Sanctum
20:15 Arcane Sanctum
20:50 Town Hall
21:23 Lumber Mill
25:25 Town Hall
» items
| Boots of Speed | 1 | |
| Periapt of Vitality | 1 | |
| Circlet of Nobility | 2 | |
| Scroll of Town Portal | 1 | |
| Potion of Lesser Invulnerability | 1 | |
6 total

»
Arc (
teal | 39 APM | 1225 actions | 31:13)
6 Paladin
2 Holy Light
2 Devotion Aura
1 Divine Shield
1 Resurrection
5 Archmage
2 Summon Water Elemental
2 Brilliance Aura
1 Blizzard
1 Blood Mage
1 Flame Strike
» actions
| Assign group hotkey | 21 | |
| Basic commands | 132 | |
| Build / train | 84 | |
| Enter build submenu | 31 | |
| Enter hero's abilities submenu | 12 | |
| Give item / drop item | 1 | |
| Remove unit from queue | 1 | |
| Right click | 383 | |
| Select / deselect | 325 | |
| Select group hotkey | 178 | |
| Use ability | 57 | |
1225 total
» units
| Peasant | 15 | |
| Footman | 6 | |
| Priest | 6 | |
| Sorceress | 7 | |
| Knight | 5 | |
| Mortar Team | 5 | |
| Dragonhawk Rider | 1 | |
45 total
» upgrades
| Swords | 3 | |
| Plating | 3 | |
| Priest Training | 2 | |
| Animal War Training | 1 | |
| Lumber Harvesting | 2 | |
| Sorceress Training | 2 | |
| Armor | 1 | |
| Gunpowder | 1 | |
| Masonry | 1 | |
| Fragmentation Shards | 1 | |
| Cloud | 1 | |
18 total
» buildings
| Altar of Kings | 1 | |
| Farm | 15 | |
| Barracks | 1 | |
| Scout Tower | 1 | |
| Lumber Mill | 2 | |
| Arcane Tower | 1 | |
| Arcane Vault | 1 | |
| Blacksmith | 1 | |
| Keep | 1 | |
| Castle | 1 | |
| Arcane Sanctum | 2 | |
| Town Hall | 2 | |
| Workshop | 2 | |
| Gryphon Aviary | 2 | |
33 total
» build order
00:04 Altar of Kings
00:06 Farm
00:41 Barracks
00:47 Farm
01:51 Farm
02:28 Scout Tower
02:40 Lumber Mill
02:51 Lumber Mill
02:56 Arcane Tower
03:00 Farm
03:11 Arcane Vault
03:41 Blacksmith
04:20 Keep
04:33 Farm
05:43 Farm
06:40 Farm
07:08 Castle
07:16 Arcane Sanctum
07:25 Arcane Sanctum
07:44 Farm
08:52 Farm
12:45 Town Hall
15:26 Farm
15:27 Farm
16:59 Farm
18:14 Farm
18:14 Farm
18:29 Farm
22:03 Town Hall
25:16 Workshop
25:19 Workshop
25:59 Gryphon Aviary
26:06 Gryphon Aviary
» items
Nac_Mac_Feegle (
yellow | 33 APM | 1030 actions | 31:13)
6 Archmage
3 Summon Water Elemental
2 Brilliance Aura
1 Blizzard
5 Mountain King
2 Storm Bolt
3 Bash
» actions
| Assign group hotkey | 18 | |
| Basic commands | 10 | |
| Build / train | 77 | |
| ESC pressed | 2 | |
| Enter build submenu | 28 | |
| Enter hero's abilities submenu | 11 | |
| Give item / drop item | 2 | |
| Right click | 227 | |
| Select / deselect | 255 | |
| Select group hotkey | 353 | |
| Use ability | 47 | |
1030 total
» units
| Peasant | 11 | |
| Gryphon Rider | 19 | |
| Priest | 3 | |
| Mortar Team | 2 | |
35 total
» upgrades
| Lumber Harvesting | 2 | |
| Armor | 3 | |
| Animal War Training | 1 | |
| Storm Hammers | 1 | |
| Swords | 3 | |
| Plating | 3 | |
| Long Rifles | 1 | |
| Defend | 1 | |
| Masonry | 2 | |
| Gunpowder | 3 | |
| Priest Training | 2 | |
| Fragmentation Shards | 1 | |
| Sorceress Training | 1 | |
| Magic Sentry | 1 | |
25 total
» buildings
| Keep | 1 | |
| Farm | 13 | |
| Altar of Kings | 1 | |
| Lumber Mill | 1 | |
| Blacksmith | 1 | |
| Barracks | 1 | |
| Castle | 1 | |
| Gryphon Aviary | 2 | |
| Town Hall | 2 | |
| Arcane Sanctum | 1 | |
| Workshop | 2 | |
| Arcane Vault | 1 | |
27 total
» build order
01:53 Keep
01:58 Farm
02:03 Altar of Kings
02:16 Lumber Mill
02:26 Blacksmith
02:39 Farm
03:19 Farm
03:23 Farm
03:44 Barracks
03:59 Farm
04:50 Castle
05:03 Gryphon Aviary
05:26 Farm
06:11 Farm
06:35 Gryphon Aviary
07:08 Farm
07:49 Farm
08:34 Farm
09:27 Farm
10:59 Town Hall
16:45 Farm
19:10 Farm
23:32 Arcane Sanctum
23:54 Town Hall
27:50 Workshop
28:30 Arcane Vault
30:16 Workshop
» items
| Scroll of Speed | 1 | |
| Orb of Lightning | 1 | |
2 total
Chat log
(01:53 / Allies) Ector: hey guys
(01:59 / Allies) G777: HI
(02:04 / Allies) Charro: hi
(02:04 / Allies) G777: chim
(02:17 / Allies) Ector: i havent played in a while so i might suck
(02:27 / Allies) G777: np
(02:43 / Allies) Charro: just dont fuck us ok
(02:49 / Allies) Ector: k
(03:09 / Allies) Ector: iam doing ok tho
(07:56 / Allies) Ector: no
(08:00 / Allies) Ector: plz go
(08:05 / Allies) G777: k
(08:09 / Allies) Ector: thx
(17:08 / Allies) G777: go ?
(18:10 / All) GM-Flash: Geeeeee gee
(22:21 / All) SCHADENFRAUDE: if wisps killed archimonde, why no kill blademaster?
(22:29 / All) Nac_Mac_Feegle: lol
(22:35 / All) GM-Flash: that
(22:38 / All) GM-Flash: is a GREAT question
(29:29 / All) SCHADENFRAUDE: good job. This was glorious.
(29:39 / All) GM-Flash: helms deep!
(29:48 / All) GM-Flash: you need the elves' help
(29:49 / All) Nac_Mac_Feegle: yeah
(29:52 / All) SCHADENFRAUDE: lol
(29:52 / All) Nac_Mac_Feegle: and the orcs win this one
(30:21 / All) GM-Flash: Still got my dozen tanks